[Event "Premier"]
[Site "Chess.com"]
[Date "2021.02.13"]
[Round "2"]
[White "Novitski, Charles"]
[Black "Perez, Ignacio"]
[Result "0-1"]
[ECO "B06"]
[WhiteElo "2073"]
[BlackElo "2244"]
[PlyCount "60"]
[EventDate "2021.??.??"]
[TimeControl "3600+10"]

1. e4 d6 2. d4 g6 3. Be3 Bg7 4. Bd3 Nf6 5. Ne2 O-O 6. O-O e5 7. Qd2 exd4 8.
Bxd4 Nc6 9. Bc3 Re8 10. Ng3 Rb8 11. Na3 Bd7 12. Rae1 a5 13. f4 Nb4 14. Bc4 b5
15. Bd5 Nbxd5 16. exd5 Rxe1 17. Rxe1 b4 18. Bxf6 Bxf6 19. Nc4 Bb5 20. Nxa5 Bxb2
21. Qxb4 Qf6 22. Ne4 Qd4+ 23. Qxd4 Bxd4+ 24. Kh1 Ra8 25. Nb3 Bg7 26. h3 Rxa2
27. c3 Bc4 28. Nc1 Rc2 29. Ng5 Bxc3 30. Ne4 Bxe1 {CubanKnight67 won by
resignation} 0-1

[Event "Invitational"]
[Site "Chess.com"]
[Date "2021.02.13"]
[Round "2"]
[White "Roberts, Teddy"]
[Black "Ackerman, Ryan"]
[Result "0-1"]
[ECO "C01"]
[WhiteElo "1934"]
[BlackElo "1922"]
[PlyCount "82"]
[EventDate "2021.??.??"]
[TimeControl "3600+10"]

1. e4 e6 2. d4 d5 3. exd5 exd5 4. c4 Nf6 5. Nc3 Bb4 6. Bd3 dxc4 7. Bxc4 O-O 8.
Nge2 Nc6 9. O-O Bg4 10. f3 Bf5 11. Bg5 h6 12. Bh4 Be7 13. Re1 Qd7 14. a3 Rad8
15. Bf2 Kh8 16. Qd2 Be6 17. Bb5 a6 18. Ba4 b5 19. Bc2 Na5 20. Rad1 Nc4 21. Qc1
Nd5 22. Ne4 Qc8 23. Bb1 f5 24. Nc5 Bxc5 25. dxc5 f4 26. Nd4 Bg8 27. Nc6 Rde8
28. Bd4 Nce3 29. Ne5 Bh7 30. Ng6+ Bxg6 31. Bxg6 Re6 32. Be4 Nxd1 33. Rxd1 c6
34. b4 Qc7 35. Qa1 Rfe8 36. Kf2 Ne3 37. Rd2 Qe7 38. Re2 Rxe4 39. fxe4 Qxe4 40.
Kg1 Qd3 41. Qb2 Qd1+ {KnackMate won on time} 0-1

[Event "Invitational"]
[Site "Chess.com"]
[Date "2021.02.13"]
[Round "2"]
[White "Van Weerdhuizen, Lane"]
[Black "Anoop, Pranav K."]
[Result "1/2-1/2"]
[ECO "B22"]
[WhiteElo "1869"]
[BlackElo "1951"]
[PlyCount "77"]
[EventDate "2021.??.??"]
[TimeControl "3600+10"]

1. e4 c5 2. Nf3 Nc6 3. d4 cxd4 4. c3 Nf6 5. e5 Nd5 6. cxd4 d6 7. exd6 Qxd6 8.
Nc3 Bg4 9. Be2 e6 10. O-O Be7 11. Qb3 Nb6 12. Nb5 Qd7 13. Nxa7 Bxf3 14. Bxf3
Nb4 15. Bd2 N6d5 16. Bxd5 Nxd5 17. Nb5 O-O 18. Nc3 Rfd8 19. a3 Bf6 20. Be3 Ra6
21. Ne4 Be7 22. Qd3 Rc6 23. Rac1 Rdc8 24. Rxc6 Rxc6 25. Nc5 Qc7 26. Qb5 b6 27.
Nd3 f6 28. Nf4 Nxf4 29. Bxf4 Qd7 30. Rd1 Rc1 31. Qb3 Qd5 32. Qd3 Rxd1+ 33. Qxd1
e5 34. Be3 Bc5 35. Qh5 g6 36. Qg4 exd4 37. Qc8+ Kf7 38. Qc7+ Be7 39. Bd2 {
Game drawn by agreement} 1/2-1/2

[Event "Invitational"]
[Site "Chess.com"]
[Date "2021.02.13"]
[Round "2"]
[White "Colombo, Dominic"]
[Black "Mathews, Dan"]
[Result "0-1"]
[ECO "B44"]
[WhiteElo "1960"]
[BlackElo "1702"]
[PlyCount "64"]
[EventDate "2021.??.??"]
[TimeControl "3600+10"]

1. e4 c5 2. Nf3 e6 3. d4 cxd4 4. Nxd4 Nc6 5. c4 Bc5 6. Nb3 Bb4+ 7. Bd2 Bxd2+ 8.
Qxd2 Nge7 9. Nc3 O-O 10. Be2 Ng6 11. O-O e5 12. Nd5 d6 13. Rfd1 Be6 14. Ne3 Qg5
15. Qxd6 Nf4 16. Bf3 Ne7 17. h4 Qxh4 18. Qxe5 Neg6 19. Qb5 Nh3+ 20. gxh3 Nf4
21. Ng2 Nxh3+ 22. Kh2 Qf6 23. Rd3 Nxf2 24. Rc3 Bg4 25. Bxg4 Nxg4+ 26. Kg3 Ne5
27. Nd4 Qg5+ 28. Kf2 Qf6+ 29. Ke2 Ng4 30. Nf3 Rfe8 31. Qf5 Qxf5 32. Ne3 Qxe4 {
dano78 won by resignation} 0-1

[Event "Invitational"]
[Site "Chess.com"]
[Date "2021.02.13"]
[Round "2"]
[White "Leslie, Cameron"]
[Black "Bell, Harry"]
[Result "0-1"]
[ECO "A29"]
[WhiteElo "2030"]
[BlackElo "2000"]
[PlyCount "72"]
[EventDate "2021.??.??"]
[TimeControl "3600+10"]

1. c4 e5 2. Nc3 Nc6 3. g3 Bc5 4. Bg2 Nf6 5. Nf3 d6 6. O-O O-O 7. e3 Bg4 8. h3
Bf5 9. d4 Bb6 10. b3 a6 11. Ba3 Re8 12. Nd5 Ba7 13. Rc1 exd4 14. exd4 Be4 15.
Nxf6+ Qxf6 16. d5 Nd4 17. Nxd4 Bxd4 18. Qd2 Re7 19. Rfe1 Rae8 20. Bxe4 Rxe4 21.
Rxe4 Rxe4 22. Re1 Qe5 23. Rxe4 Qxe4 24. Bc1 h6 25. Qf4 Qe1+ 26. Kg2 Bxf2 27.
Qxf2 Qxc1 28. Qe2 Qb1 29. Qe8+ Kh7 30. Qe2 f5 31. h4 Qe4+ 32. Qxe4 fxe4 33. h5
g6 34. g4 gxh5 35. gxh5 Kg7 36. Kf2 Kf6 {hbell11 won by resignation} 0-1

[Event "Invitational"]
[Site "Chess.com"]
[Date "2021.02.13"]
[Round "2"]
[White "Bian, Erin"]
[Black "Zhang, Victor"]
[Result "0-1"]
[ECO "B90"]
[WhiteElo "1795"]
[BlackElo "1734"]
[PlyCount "124"]
[EventDate "2021.??.??"]
[TimeControl "3600+10"]

1. e4 c5 2. Nf3 d6 3. d4 cxd4 4. Nxd4 Nf6 5. Nc3 a6 6. Be3 e5 7. Nb3 Be6 8. h3
Be7 9. f4 b5 10. Qf3 exf4 11. Bxf4 O-O 12. O-O-O Qc7 13. g4 Nbd7 14. g5 Ne8 15.
Bd3 Ne5 16. Qg3 g6 17. Nd5 Bxd5 18. exd5 Ng7 19. Bxe5 dxe5 20. h4 Nh5 21. Qg4
Nf4 22. h5 Rac8 23. Kb1 Rcd8 24. Nd2 Rxd5 25. Ne4 Qd8 26. hxg6 fxg6 27. Qh4 Rf7
28. Qg3 Nxd3 29. cxd3 Rf4 30. Qh3 Rf7 31. Nf6+ Bxf6 32. gxf6 Qxf6 33. Rdf1 Qe7
34. Rfg1 Rg7 35. Rc1 Rd8 36. Rhf1 Rf7 37. Rfe1 Qd6 38. Re3 Qd4 39. Rce1 Rf2 40.
Qe6+ Kf8 41. Qb3 Rc8 42. Rxe5 Qxe5 43. Qb4+ Qc5 44. Qb3 Qc2+ 45. Qxc2 Rcxc2 46.
d4 Rxb2+ 47. Ka1 Rxa2+ 48. Kb1 Rad2 49. d5 Rxd5 50. Ka1 h5 51. Kb1 h4 52. Ka1
h3 53. Kb1 h2 54. Ka1 Rdf5 55. Kb1 Rf1 56. Ka2 Rxe1 57. Ka3 h1=Q 58. Kb4 Qe4+
59. Ka5 Qa4+ 60. Kb6 Re6+ 61. Kc7 Rf7+ 62. Kd8 Re8# {arbok2008 won by checkmate
} 0-1

[Event "Championship"]
[Site "Chess.com"]
[Date "2021.02.13"]
[Round "3"]
[White "Koons, Nat"]
[Black "Porter, Ryan"]
[Result "1/2-1/2"]
[ECO "A01"]
[WhiteElo "2290"]
[BlackElo "2310"]
[PlyCount "102"]
[EventDate "2021.??.??"]
[TimeControl "3600+10"]

1. b3 e5 2. Bb2 Nc6 3. e3 Nf6 4. Bb5 Bd6 5. Ne2 Qe7 6. Ng3 a6 7. Nf5 Qf8 8. Be2
Bb4 9. a3 Ba5 10. c4 d5 11. Qc2 Be6 12. O-O Ne4 13. cxd5 Bxd5 14. Bf3 Nf6 15.
Bxd5 Nxd5 16. Bxe5 Nxe5 17. Qe4 O-O-O 18. Qxe5 g6 19. Nd4 c6 20. Nc3 Bxc3 21.
dxc3 Nxc3 22. Rfc1 Rd5 23. Qf6 Rxd4 24. Rxc3 Rd6 25. Qe5 Qd8 26. h3 Rd1+ 27.
Rxd1 Qxd1+ 28. Kh2 Rd8 29. Qf6 Qd6+ 30. Qxd6 Rxd6 31. Kg3 Kd7 32. e4 a5 33. Kf4
Rd2 34. Ke3 Rb2 35. g3 h6 36. f4 f6 37. Kd4 Kd6 38. h4 g5 39. hxg5 hxg5 40. Rd3
Rc2 41. b4 gxf4 42. gxf4 axb4 43. axb4 b6 44. e5+ fxe5+ 45. Ke4+ Ke7 46. fxe5
Rc4+ 47. Rd4 Rxd4+ 48. Kxd4 c5+ 49. bxc5 bxc5+ 50. Kxc5 Ke6 51. Kc4 Kxe5 {
Game drawn - insufficient material} 1/2-1/2

[Event "Championship"]
[Site "Chess.com"]
[Date "2021.02.13"]
[Round "3"]
[White "Mahajan, Rushaan"]
[Black "Lee, Megan"]
[Result "0-1"]
[ECO "E04"]
[WhiteElo "2221"]
[BlackElo "2329"]
[PlyCount "74"]
[EventDate "2021.??.??"]
[TimeControl "3600+10"]

1. Nf3 Nf6 2. g3 d5 3. Bg2 c5 4. O-O Nc6 5. d4 e6 6. c4 dxc4 7. Qa4 Bd7 8. Qxc4
cxd4 9. Nxd4 Rc8 10. Nc3 Nxd4 11. Qxd4 Bc5 12. Qd3 Qb6 13. Bg5 Ng4 14. Rad1
Bxf2+ 15. Kh1 Bc6 16. Bxc6+ Qxc6+ 17. Qf3 Bb6 18. Qxc6+ Rxc6 19. h3 h6 20. hxg4
hxg5+ 21. Kg2 Ke7 22. e4 Ba5 23. Rf3 Rd8 24. Rdf1 Rf8 25. Rd1 Bc7 26. a3 Rd8
27. Rxd8 Bxd8 28. Rd3 Bc7 29. Kf3 Be5 30. Nb5 a6 31. Nc3 Bxc3 32. bxc3 Rc4 33.
Ke3 Ra4 34. c4 Rxc4 35. Rb3 b5 36. Rd3 Kf6 37. Rd4 Rc3+ {MeganLee-SEA won by
resignation} 0-1

[Event "Championship"]
[Site "Chess.com"]
[Date "2021.02.13"]
[Round "3"]
[White "Levine, Joseph"]
[Black "He, Anthony"]
[Result "0-1"]
[ECO "B48"]
[WhiteElo "2179"]
[BlackElo "2500"]
[PlyCount "70"]
[EventDate "2021.??.??"]
[TimeControl "3600+10"]

1. e4 c5 2. Nf3 Nc6 3. d4 cxd4 4. Nxd4 e6 5. Nc3 Qc7 6. Be2 a6 7. O-O Nf6 8.
Be3 Be7 9. f4 d6 10. a3 O-O 11. g4 Nxd4 12. Bxd4 e5 13. Be3 exf4 14. Bxf4 Be6
15. Bf3 Qb6+ 16. Kh1 Qxb2 17. Qd4 Rac8 18. Bd2 Rc4 19. Qd3 Qb6 20. Nd5 Bxd5 21.
exd5 Rfc8 22. Rae1 Bf8 23. g5 Nd7 24. Bh5 g6 25. Qf3 Ne5 26. Rxe5 dxe5 27. Bg4
Rxg4 28. Qxg4 Rxc2 29. Qf3 Qc7 30. Ba5 Qd7 31. h4 e4 32. Qg3 Qxd5 33. Qe3 Qxa5
34. Qxe4 Qd2 35. Qf3 Qh2# {0gZPanda won by checkmate} 0-1

[Event "Championship"]
[Site "Chess.com"]
[Date "2021.02.13"]
[Round "3"]
[White "Airapetian, Chouchanik"]
[Black "Vijayakumar, Advaith"]
[Result "0-1"]
[ECO "B40"]
[WhiteElo "2104"]
[BlackElo "2026"]
[PlyCount "76"]
[EventDate "2021.??.??"]
[TimeControl "3600+10"]

1. e4 c5 2. Nf3 e6 3. d4 cxd4 4. Nxd4 Nf6 5. Bd3 Nc6 6. Nb3 Be7 7. O-O d5 8.
Nc3 O-O 9. Qe1 Nb4 10. e5 Nd7 11. f4 f5 12. Be3 Nxd3 13. cxd3 b6 14. Nd4 Nc5
15. Qe2 a5 16. Nc6 Qd7 17. Nxe7+ Qxe7 18. Nb5 Ba6 19. d4 Qd7 20. dxc5 Bxb5 21.
Qf2 Bxf1 22. Rxf1 bxc5 23. Bxc5 Rfc8 24. a3 a4 25. h3 Qb5 26. Bb4 Ra6 27. Qg3
Rac6 28. Bc3 Qb6+ 29. Kh2 d4 30. Bb4 Rc2 31. b3 axb3 32. Qxb3 Qc6 33. Rg1 Qc4
34. Qa4 d3 35. Kg3 Qd4 36. Kh2 Qxf4+ 37. Kh1 Rc1 38. Be1 Qxa4 {2Ke21-0 won by
resignation} 0-1

[Event "Championship"]
[Site "Chess.com"]
[Date "2021.02.13"]
[Round "3"]
[White "Sang, Tian"]
[Black "Readey, John"]
[Result "1/2-1/2"]
[ECO "B09"]
[WhiteElo "2344"]
[BlackElo "2289"]
[PlyCount "32"]
[EventDate "2021.??.??"]
[TimeControl "3600+10"]

1. e4 d6 2. d4 Nf6 3. Nc3 g6 4. f4 Bg7 5. Nf3 c5 6. Bb5+ Bd7 7. e5 Ng4 8. e6
fxe6 9. Ng5 Bxb5 10. Nxe6 Bxd4 11. Nxb5 Qa5+ 12. c3 Bf2+ 13. Kd2 Be3+ 14. Ke1
Bf2+ 15. Kd2 Be3+ 16. Ke1 Bf2+ {Game drawn by agreement} 1/2-1/2

[Event "Premier"]
[Site "Chess.com"]
[Date "2021.02.13"]
[Round "3"]
[White "Nguyen, Thanh"]
[Black "Haining, Kyle"]
[Result "1/2-1/2"]
[ECO "B09"]
[WhiteElo "2053"]
[BlackElo "2288"]
[PlyCount "64"]
[EventDate "2021.??.??"]
[TimeControl "3600+10"]

1. e4 g6 2. d4 Bg7 3. Nc3 d6 4. f4 Nf6 5. Nf3 O-O 6. Bd3 Na6 7. O-O c5 8. d5
Rb8 9. Kh1 Nc7 10. a4 a6 11. a5 Nb5 12. Bxb5 axb5 13. e5 Ng4 14. Nxb5 dxe5 15.
fxe5 Nxe5 16. Nxe5 Bxe5 17. Bh6 Re8 18. Qf3 f6 19. Bf4 Bd7 20. Bxe5 Bxb5 21.
Bxb8 Bxf1 22. Qxf1 Qxb8 23. Qb5 Rc8 24. c4 Qe5 25. h3 Kf7 26. Qxb7 Rb8 27. Qc6
Rxb2 28. a6 Rb6 29. Qa4 Rb2 30. a7 Qe4 31. Rg1 Rxg2 32. Rxg2 Qe1+ {Game drawn
by agreement} 1/2-1/2

[Event "Premier"]
[Site "Chess.com"]
[Date "2021.02.13"]
[Round "3"]
[White "Anand, Vignesh"]
[Black "Novitski, Charles"]
[Result "1-0"]
[ECO "E01"]
[WhiteElo "2085"]
[BlackElo "2073"]
[PlyCount "61"]
[EventDate "2021.??.??"]
[TimeControl "3600+10"]

1. c4 Nf6 2. Nf3 e6 3. g3 d5 4. Bg2 c6 5. d4 Bb4+ 6. Nc3 O-O 7. O-O Bxc3 8.
bxc3 Ne4 9. Qc2 f5 10. Nd2 Nd7 11. f3 Nxd2 12. Bxd2 Nf6 13. cxd5 exd5 14. Rae1
Re8 15. Bh3 g6 16. Bg5 Qd6 17. Bg2 Bd7 18. Qb3 b6 19. e4 fxe4 20. fxe4 Kg7 21.
Bxf6+ Qxf6 22. Rxf6 Kxf6 23. Rf1+ Kg7 24. exd5 cxd5 25. Qxd5 Be6 26. Qxa8 Rxa8
27. Bxa8 b5 28. d5 Bf5 29. d6 a5 30. Rxf5 gxf5 31. d7 {VigneshRar won by
resignation} 1-0

[Event "Premier"]
[Site "Chess.com"]
[Date "2021.02.13"]
[Round "3"]
[White "Malugu, Satyajit"]
[Black "Moroney, Tim"]
[Result "1-0"]
[ECO "B50"]
[WhiteElo "2156"]
[BlackElo "2048"]
[PlyCount "59"]
[EventDate "2021.??.??"]
[TimeControl "3600+10"]

1. e4 c5 2. Nf3 d6 3. c3 Nf6 4. Be2 Bd7 5. d3 g6 6. O-O Bg7 7. Re1 O-O 8. Bf1
Nc6 9. h3 Rc8 10. d4 cxd4 11. cxd4 d5 12. e5 Ne4 13. Nc3 Nxc3 14. bxc3 Na5 15.
Bd2 Nc4 16. Rb1 b5 17. Bg5 f6 18. exf6 exf6 19. Bf4 Qa5 20. Bxc4 Rxc4 21. Bd6
Rfc8 22. Bb4 Qc7 23. Nd2 a5 24. Nxc4 axb4 25. Ne3 bxc3 26. Qb3 Be6 27. Nxd5 Qf7
28. Rxe6 c2 29. Rc1 Rc4 30. Qxb5 {smalugu won by resignation} 1-0

[Event "Premier"]
[Site "Chess.com"]
[Date "2021.02.13"]
[Round "3"]
[White "Razmov, Valentin"]
[Black "Chang, Eddie"]
[Result "0-1"]
[ECO "D35"]
[WhiteElo "1986"]
[BlackElo "1897"]
[PlyCount "84"]
[EventDate "2021.??.??"]
[TimeControl "3600+10"]

1. d4 d5 2. c4 e6 3. Nc3 Nf6 4. cxd5 exd5 5. Bg5 c6 6. e3 Be7 7. Bd3 Nbd7 8.
Nge2 O-O 9. O-O h6 10. Bh4 Ne8 11. Bg3 Bd6 12. Qc2 Qg5 13. e4 Bxg3 14. fxg3
dxe4 15. Nxe4 Qd8 16. Rf3 Ndf6 17. h3 Nxe4 18. Bxe4 Nf6 19. Bd3 Be6 20. Bc4
Bxc4 21. Qxc4 Re8 22. Nc3 Qb6 23. Na4 Qa5 24. Nc5 Re1+ 25. Rxe1 Qxe1+ 26. Kh2
Qe7 27. Nd3 Re8 28. Ne5 c5 29. Nd3 cxd4 30. Qxd4 b6 31. Rf1 Rd8 32. Qc3 Ne4 33.
Re1 Nxc3 34. Rxe7 Nxa2 35. Ne5 f6 36. Nc6 Rd2 37. Rxa7 Rxb2 38. Ne7+ Kf8 39.
Nf5 Nb4 40. Nxg7 Nc2 41. Nf5 Ne1 42. Nxh6 Nf3+ {pugetsound won by resignation}
0-1

[Event "Premier"]
[Site "Chess.com"]
[Date "2021.02.13"]
[Round "3"]
[White "Perez, Ignacio"]
[Black "Whale, Nicholas"]
[Result "1-0"]
[ECO "D70"]
[WhiteElo "2244"]
[BlackElo "2074"]
[PlyCount "63"]
[EventDate "2021.??.??"]
[TimeControl "3600+10"]

1. d4 Nf6 2. Nf3 g6 3. Nbd2 d5 4. c4 c6 5. e3 Bg7 6. Bd3 O-O 7. h4 Bg4 8. h5
Bxh5 9. Qc2 Nbd7 10. b3 Re8 11. Bb2 Rc8 12. c5 b6 13. Ne5 Nxe5 14. dxe5 Ng4 15.
Nf3 e6 16. Rxh5 gxh5 17. Bxh7+ Kf8 18. O-O-O Qc7 19. Rh1 Nxe5 20. Rxh5 Nxf3 21.
gxf3 Bxb2+ 22. Qxb2 Ke7 23. Qg7 Rf8 24. Rh6 Rce8 25. Bg6 Kd8 26. Rh7 Rg8 27.
Qf6+ Qe7 28. Qe5 Qxc5+ 29. Kb2 Kc8 30. Bxf7 Rgf8 31. Bxe6+ Rxe6 32. Qc7# {
CubanKnight67 won by checkmate} 1-0

[Event "Invitational"]
[Site "Chess.com"]
[Date "2021.02.13"]
[Round "3"]
[White "Ackerman, Ryan"]
[Black "Colombo, Dominic"]
[Result "0-1"]
[ECO "D98"]
[WhiteElo "1922"]
[BlackElo "1960"]
[PlyCount "68"]
[EventDate "2021.??.??"]
[TimeControl "3600+10"]

1. d4 Nf6 2. c4 g6 3. Nc3 d5 4. Nf3 Bg7 5. Qb3 dxc4 6. Qxc4 O-O 7. e4 Nc6 8.
Be2 Bg4 9. Be3 Bxf3 10. Bxf3 e5 11. d5 Nd4 12. Bxd4 exd4 13. Qxd4 Nxe4 14. Qxe4
Re8 15. O-O Rxe4 16. Nxe4 Qd7 17. Rab1 Re8 18. b3 Be5 19. Rbc1 h5 20. Rfd1 h4
21. d6 cxd6 22. Nc5 Qf5 23. Nxb7 Qf4 24. Rc4 Qxh2+ 25. Kf1 Bg3 26. Re4 Rxe4 27.
Bxe4 Be5 28. Ke2 Qf4 29. Bf3 g5 30. Rh1 g4 31. Bd5 Bd4 32. Rxh4 Qe5+ 33. Kf1
Qxd5 34. Rxg4+ Bg7 {dominiccolombo won by resignation} 0-1

[Event "Invitational"]
[Site "Chess.com"]
[Date "2021.02.13"]
[Round "3"]
[White "Anoop, Pranav K."]
[Black "Roberts, Teddy"]
[Result "1/2-1/2"]
[ECO "C51"]
[WhiteElo "1951"]
[BlackElo "1934"]
[PlyCount "134"]
[EventDate "2021.??.??"]
[TimeControl "3600+10"]

1. e4 e5 2. Nf3 Nc6 3. Bc4 Bc5 4. b4 Bb6 5. a4 a6 6. Nc3 d6 7. Nd5 Ba7 8. d3
Bg4 9. c3 h6 10. Ne3 Be6 11. Bxe6 fxe6 12. b5 Nce7 13. d4 exd4 14. Nxd4 Bxd4
15. Qxd4 Nf6 16. c4 e5 17. Qd3 O-O 18. O-O b6 19. Bd2 a5 20. Nd5 Nexd5 21. cxd5
Nd7 22. Be3 Nc5 23. Bxc5 dxc5 24. g3 Qd6 25. f3 Rf7 26. Ra2 Raf8 27. Raf2 g5
28. Kg2 Rf6 29. Qc3 R8f7 30. Kg1 Kh7 31. Kg2 h5 32. Qe3 Kg6 33. Qd3 Kh6 34. h3
Kg7 35. Qe3 Kg6 36. Qd3 Kh6 37. Qc3 Rf8 38. Qd3 R6f7 39. Qc3 Qf6 40. Qe3 Qg7
41. Qe2 Rf6 42. Qe3 Rg6 43. Kh2 Rf7 44. Kg2 Rgf6 45. Qc3 Re7 46. Qe3 Kh7 47.
Kh2 Ref7 48. Kg2 Kg8 49. Qc3 Rg6 50. Qe3 Rgf6 51. Qc3 Re7 52. Qe3 Kf8 53. Kh2
Ke8 54. Rg1 Rg6 55. Rgf1 Rf6 56. Rg1 Qh6 57. Rgf1 Ref7 58. Kg2 Kd8 59. Qc3 Re7
60. Qe3 Kc8 61. Rg1 Kd7 62. Rgf1 Kd6 63. Kh2 Ref7 64. Kg2 Qg7 65. Kh2 Qh6 66.
Kg2 Qg7 67. Kh2 Qh6 {Game drawn by repetition} 1/2-1/2

[Event "Invitational"]
[Site "Chess.com"]
[Date "2021.02.13"]
[Round "3"]
[White "Zhang, Victor"]
[Black "Van Weerdhuizen, Lane"]
[Result "1-0"]
[ECO "C01"]
[WhiteElo "1734"]
[BlackElo "1869"]
[PlyCount "77"]
[EventDate "2021.??.??"]
[TimeControl "3600+10"]

1. e4 e6 2. d4 d5 3. exd5 exd5 4. Bd3 Bd6 5. Nf3 Bg4 6. O-O c6 7. c4 Ne7 8. Nc3
Qc7 9. h3 Bh5 10. Be3 Nd7 11. cxd5 Nxd5 12. Nxd5 cxd5 13. Rc1 Qb6 14. Qc2 Bxf3
15. gxf3 h6 16. Qa4 Qd8 17. Bf5 g6 18. Rfe1 Be7 19. Bf4 gxf5 20. Bd6 O-O 21.
Bxe7 Nb6 22. Qa3 Nc4 23. Rxc4 Re8 24. Bxd8 Rxe1+ 25. Kh2 dxc4 26. Bf6 Kh7 27.
Qa5 c3 28. Qxf5+ Kg8 29. Qg4+ Kf8 30. Qg7+ Ke8 31. Qg8+ Kd7 32. Qxa8 c2 33.
Qd8+ Kc6 34. Qc8+ Kd6 35. Qxc2 Ke6 36. Be5 f6 37. Qc4+ Kf5 38. Qc8+ Kg6 39.
Qg8+ {arbok2008 won by resignation} 1-0

[Event "Invitational"]
[Site "Chess.com"]
[Date "2021.02.13"]
[Round "3"]
[White "Bell, Harry"]
[Black "Bian, Erin"]
[Result "0-1"]
[ECO "A28"]
[WhiteElo "2000"]
[BlackElo "1795"]
[PlyCount "102"]
[EventDate "2021.??.??"]
[TimeControl "3600+10"]

1. c4 e5 2. Nc3 Nf6 3. Nf3 Nc6 4. e3 Be7 5. d4 exd4 6. exd4 d5 7. c5 O-O 8. Bb5
Bd7 9. O-O a6 10. Be2 h6 11. Re1 Bf5 12. a3 Ne4 13. Qb3 Nxc3 14. bxc3 Rb8 15.
h3 Re8 16. Bf4 Bg5 17. Nxg5 hxg5 18. Bg3 Qd7 19. Qd1 Re7 20. Qd2 Rbe8 21. Bf1
f6 22. f3 Na5 23. Rxe7 Rxe7 24. Re1 Rxe1 25. Qxe1 Kf7 26. Qe3 Qc6 27. f4 g4 28.
h4 Qa4 29. Qc1 Qb3 30. Be1 Qa2 31. c4 Nxc4 32. Bxc4 dxc4 33. Bc3 Qe2 34. Qd2
Qe7 35. Kf2 Be4 36. Qe3 Qe6 37. Qg3 b6 38. cxb6 cxb6 39. h5 Qf5 40. Qh2 a5 41.
g3 Bf3 42. Be1 Qe4 43. Kf1 Qd3+ 44. Kg1 Qxd4+ 45. Kf1 c3 46. h6 gxh6 47. Qxh6
Qd3+ 48. Kg1 Qe3+ 49. Bf2 Qc1+ 50. Be1 Qxe1+ 51. Kh2 Qh1# {ErinBian won by
checkmate} 0-1

[Event "Invitational"]
[Site "Chess.com"]
[Date "2021.02.13"]
[Round "3"]
[White "Mathews, Dan"]
[Black "Leslie, Cameron"]
[Result "1-0"]
[ECO "D02"]
[WhiteElo "1702"]
[BlackElo "2030"]
[PlyCount "71"]
[EventDate "2021.??.??"]
[TimeControl "3600+10"]

1. Nf3 d5 2. d4 Nf6 3. g3 e6 4. Bg2 Be7 5. O-O O-O 6. b3 c5 7. dxc5 Bxc5 8. Bb2
b6 9. Nbd2 Bb7 10. e3 Qe7 11. Ne5 Nbd7 12. Ndf3 Ba6 13. Re1 Rac8 14. Rc1 Rfd8
15. Bf1 Bxf1 16. Rxf1 Ba3 17. Qd4 Nxe5 18. Nxe5 b5 19. g4 Bxb2 20. Qxb2 Qb4 21.
Qd4 Qc3 22. g5 Ne4 23. f4 Qxd4 24. exd4 Rc3 25. f5 Nxg5 26. fxe6 f6 27. Rf5
Nxe6 28. Nf3 h6 29. Re1 Kf7 30. Ne5+ Ke7 31. Nd3 a5 32. Nf4 Rc6 33. c4 bxc4 34.
bxc4 Rxc4 35. Nxe6 Kf7 36. Nxd8+ {dano78 won by resignation} 1-0

[Event "Championship"]
[Site "Chess.com"]
[Date "2021.02.13"]
[Round "4"]
[White "He, Anthony"]
[Black "Airapetian, Chouchanik"]
[Result "1-0"]
[ECO "E60"]
[WhiteElo "2500"]
[BlackElo "2104"]
[PlyCount "59"]
[EventDate "2021.??.??"]
[TimeControl "3600+10"]

1. Nf3 Nf6 2. g3 g6 3. Bg2 Bg7 4. O-O O-O 5. d4 d6 6. b3 c5 7. c4 Nfd7 8. Bb2
Nc6 9. Qd2 cxd4 10. Nxd4 Qb6 11. e3 Nc5 12. Nc3 Bd7 13. Rfd1 Rac8 14. Nde2 Nb4
15. Nf4 Bc6 16. e4 a5 17. Ncd5 Bxd5 18. Bxg7 Kxg7 19. exd5 Rcd8 20. Re1 Qc7 21.
Re3 Nba6 22. Rae1 Rde8 23. h4 f6 24. a3 Qb6 25. Rxe7+ Rxe7 26. Rxe7+ Rf7 27.
Qe3 Qxb3 28. Ne6+ Nxe6 29. Rxf7+ Kxf7 30. dxe6+ {0gZPanda won by resignation}
1-0

[Event "Championship"]
[Site "Chess.com"]
[Date "2021.02.13"]
[Round "4"]
[White "Sang, Tian"]
[Black "Mahajan, Rushaan"]
[Result "1-0"]
[ECO "B12"]
[WhiteElo "2344"]
[BlackElo "2221"]
[PlyCount "113"]
[EventDate "2021.??.??"]
[TimeControl "3600+10"]

1. e4 c6 2. d4 d5 3. e5 c5 4. dxc5 e6 5. Nf3 Bxc5 6. a3 Be7 7. Bd3 Nd7 8. O-O
f6 9. Bf4 fxe5 10. Nxe5 Ngf6 11. Nd2 O-O 12. Nxd7 Nxd7 13. Bg3 Bf6 14. c3 Re8
15. Qc2 Nf8 16. c4 Bd7 17. cxd5 exd5 18. Qb3 Bc6 19. Rfd1 Ne6 20. Nf3 Nc5 21.
Qb4 Nxd3 22. Rxd3 Qe7 23. Qb3 Qe4 24. Rd2 Rad8 25. h3 Qc4 26. Qd1 Ba4 27. Qf1
Qxf1+ 28. Rxf1 d4 29. Bh4 d3 30. Bxf6 gxf6 31. Re1 Bc2 32. Re3 Rxe3 33. fxe3
Rc8 34. Kf2 Rc6 35. Ne1 Rb6 36. b4 Rd6 37. Nxc2 dxc2 38. Rxc2 Ra6 39. Rc3 Kg7
40. Kf3 Kg6 41. Kf4 Rd6 42. Rc7 Ra6 43. Rxb7 Rxa3 44. g4 Ra1 45. h4 Rf1+ 46.
Kg3 Rg1+ 47. Kf3 Rf1+ 48. Kg2 Rb1 49. Rxa7 Rxb4 50. h5+ Kh6 51. Kf3 Rb1 52. Rf7
Kg5 53. Rxh7 f5 54. Rg7+ Kh4 55. gxf5 Kxh5 56. Kf4 Rf1+ 57. Ke5 {pawnbing won
by resignation} 1-0

[Event "Championship"]
[Site "Chess.com"]
[Date "2021.02.13"]
[Round "4"]
[White "Lee, Megan"]
[Black "Levine, Joseph"]
[Result "1/2-1/2"]
[ECO "C06"]
[WhiteElo "2329"]
[BlackElo "2179"]
[PlyCount "127"]
[EventDate "2021.??.??"]
[TimeControl "3600+10"]

1. e4 e6 2. d4 d5 3. Nd2 Nf6 4. e5 Nfd7 5. c3 c5 6. Bd3 Nc6 7. Ne2 Qb6 8. Nf3
cxd4 9. cxd4 f6 10. exf6 Nxf6 11. O-O Bd6 12. Nc3 O-O 13. Be3 a6 14. Qd2 Ng4
15. h3 Nxe3 16. fxe3 Bd7 17. Ng5 h6 18. Bh7+ Kh8 19. Bg6 Ne5 20. dxe5 Bc5 21.
Rxf8+ Rxf8 22. Nd1 hxg5 23. Qe2 g4 24. a4 Kg8 25. Kh1 Qd8 26. Nf2 Qg5 27. Qxg4
Qxe3 28. Nd3 Ba7 29. Qh5 Qh6 30. Qxh6 gxh6 31. Bh5 Bd4 32. Bg4 Kg7 33. Kh2 Kg6
34. Kg3 h5 35. Bf3 Kg5 36. h4+ Kh6 37. Rc1 Bxa4 38. Re1 Bb5 39. Nf4 Bf2+ 40.
Kxf2 Rxf4 41. Rc1 Bc6 42. Kg3 Rb4 43. Rc2 Kg6 44. Rf2 Rb3 45. Kh2 a5 46. Bd1
Rb4 47. Rf6+ Kg7 48. Rxe6 Rxb2 49. Bxh5 a4 50. Rg6+ Kf8 51. Rg3 d4 52. Bd1 b5
53. h5 Be4 54. h6 d3 55. Rg4 Bh7 56. e6 a3 57. Rg7 Re2 58. Rxh7 Rxe6 59. Bb3 d2
60. Rd7 Rxh6+ 61. Kg1 Rc6 62. Rxd2 Rc3 63. Bd5 b4 64. Kh2 {Game drawn by
agreement} 1/2-1/2

[Event "Championship"]
[Site "Chess.com"]
[Date "2021.02.13"]
[Round "4"]
[White "Vijayakumar, Advaith"]
[Black "Koons, Nat"]
[Result "1-0"]
[ECO "D27"]
[WhiteElo "2026"]
[BlackElo "2290"]
[PlyCount "97"]
[EventDate "2021.??.??"]
[TimeControl "3600+10"]

1. d4 d5 2. c4 dxc4 3. e3 Nf6 4. Bxc4 e6 5. Nf3 c5 6. O-O a6 7. b3 b6 8. Bb2
Bb7 9. Nbd2 Nbd7 10. Qe2 cxd4 11. Bxd4 Bc5 12. Rfd1 Bxd4 13. Nxd4 Qe7 14. N2f3
O-O 15. Rac1 Rfc8 16. Qb2 Rc5 17. b4 Rc7 18. Be2 Rac8 19. a3 Ne4 20. Rxc7 Rxc7
21. Rc1 Ndf6 22. Nd2 Nxd2 23. Qxd2 Ne4 24. Rxc7 Qxc7 25. Qc2 Qc3 26. Qxc3 Nxc3
27. Bd3 e5 28. Ne2 Nxe2+ 29. Bxe2 f6 30. f3 Kf7 31. Kf2 Ke6 32. e4 a5 33. Ke3
g5 34. g4 Kd6 35. Kd2 axb4 36. axb4 Bc8 37. Bc4 Bd7 38. Kc3 Be8 39. Kb3 h5 40.
h3 h4 41. Ka3 Bc6 42. Kb3 b5 43. Bg8 f5 44. gxf5 g4 45. fxg4 Bxe4 46. Be6 Bg2
47. g5 Ke7 48. Kc3 Bxh3 49. g6 {2Ke21-0 won by resignation} 1-0